 Dungeon Crawl Stone Soup version 0.16-a0-3641-g71d4c1b (webtiles) character file.

731837 mdk the Brilliant (level 27, -10/189 (193) HPs)
             Began as a Kobold Assassin on Jan 29, 2015.
             Was a High Priest of Pakellas.
             Mangled by a reaper
             ... wielding a +1 scythe of protection
              (21 damage)
             ... on level 7 of the Iron City of Dis on Jan 31, 2015.
             The game lasted 09:26:03 (113133 turns).

mdk the Brilliant (Kobold Assassin)               Turns: 113133, Time: 09:26:03

HP:   -10/189 (193) AC: 33    Str: 13    XL:     27
MP:   48/48         EV: 43    Int: 13    God:    Pakellas [*****.]
Gold: 5551          SH: 11    Dex: 29    Spells: 0 memorised, 26 levels left

rFire  . . .     SeeInvis .     a - +6 demon blade (venom)
rCold  . . .     Clarity  .     p - +6 mottled dragon armour
rNeg   + . .     SustAb   .     D - +2 buckler {rN+}
rPois  .         Gourm    .     F - +1 helmet "Topsivus" {MP+9 Stlth+}
rElec  .         Spirit   .     V - -1 cloak of Crybb {+Rage MR++ Regen+}
rCorr  .         Warding  .     Y - +2 pair of gloves {Dex+3}
rMut   +         Stasis   .     b - +2 pair of boots of the Assassin {Stlth++} (curse)
MR     ++++.                    L - amulet of resist mutation
Stlth  ++++++++++               l - +6 ring of evasion
                                i - +3 ring of protection

@: lethally poisoned, very slightly contaminated, incredibly resistant to
hostile enchantments, uncannily stealthy
A: fangs 1, rough black scales 1, carnivore 3, clever 2, low mp 1
a: Minor Device Surge, Quick Charge, Device Surge, Major Device Surge, Renounce
Religion, Evoke Berserk Rage
}: 5/15 runes: barnacled, slimy, silver, abyssal, gossamer


You were on level 7 of the Iron City of Dis.
You worshipped Pakellas.
Pakellas was extremely pleased with you.
You were not hungry.

You visited 14 branches of the dungeon, and saw 72 of its levels.
You visited the Abyss 4 times.
You also visited: Ice Cave, Volcano and Wizlab.

You collected 10767 gold pieces.
You spent 5216 gold pieces at shops.

Inventory:

Hand weapons
 a - a +6 demon blade of venom (weapon)
Armour
 b - the cursed +2 pair of boots of the Assassin (worn) {Stlth++}
   (You acquired it on level 5 of the Depths)

   It makes you much more stealthy.
   It has a curse placed upon it.
 p - a +6 mottled dragon armour (worn)
 D - a +2 buckler of positive energy (worn)
 F - the +1 helmet "Topsivus" (worn) {MP+9 Stlth+}
   (You found it on level 5 of the Shoals)

   It affects your magic capacity (+9).
   It makes you more stealthy.
 V - the -1 cloak of Crybb (worn) {+Rage MR++ Regen+}
   (You found it on level 12 of the Dungeon)

   It affects your resistance to hostile enchantments.
   It lets you go berserk.
   It increases your rate of regeneration.
 Y - a +2 pair of gloves of dexterity (worn)
Rods
 e - a cursed +2 rod of ignition (12/12)
   (You found it on level 3 of the Crypt)
 m - a +4 rod of clouds (13/13)
   (Pakellas gifted it to you on level 3 of the Depths)
 r - a +3 lightning rod (9/9)
   (Pakellas gifted it to you on level 3 of the Lair of Beasts)
 z - a +5 rod of destruction (14/14)
   (Pakellas gifted it to you in an ice cave)
 A - a cursed +2 rod of clouds (14/14)
   (Pakellas gifted it to you in a wizard's laboratory)
 G - a cursed +1 rod of the swarm (12/12)
   (Pakellas gifted it to you on level 4 of the Vaults)
 Q - a +3 rod of inaccuracy (14/14)
   (Pakellas gifted it to you on level 7 of the Iron City of Dis)
 T - a +9 lightning rod (12/12)
   (Pakellas gifted it to you on level 5 of the Spider Nest)
Jewellery
 f - a cursed ring of poison resistance
 i - a +3 ring of protection (left hand)
 l - a +6 ring of evasion (right hand)
 x - an uncursed amulet of regeneration
 L - an amulet of resist mutation (around neck)
 O - an uncursed ring of see invisible
Magical devices
 c - a wand of hasting (8)
 d - a wand of heal wounds (1)
 h - a wand of fireball (9)
 n - a wand of fire (10)
 o - a wand of cold (6)
 q - a wand of heal wounds (9)
 B - a wand of teleportation (1)
 H - a wand of cold (9)
 M - a wand of heal wounds (0)
 U - a wand of hasting (3)
 W - a wand of fireball (9)
 X - a wand of paralysis (3)
 Z - a wand of fireball (6)
Scrolls
 t - 6 scrolls of blinking
 u - 6 scrolls of teleportation
 w - 11 scrolls of fog
Potions
 j - 10 potions of curing
 v - 14 potions of might
 C - 10 potions of agility
 E - 7 potions of magic
 I - 6 potions of resistance
 J - 5 potions of flight
 K - 11 potions of haste
 N - 4 potions of restore abilities
Miscellaneous
 s - 4 stones of tremors
 y - a sack of spiders
 P - 7 lamps of fire
 R - 6 phials of floods
 S - 4 fans of gales
Comestibles
 g - 27 meat rations


   Skills:
 - Level 25.0 Fighting
   Level 23.4(27) Short Blades
 * Level 20.3(22.1) Long Blades
 - Level 9.9 Throwing
 - Level 13.4 Armour
 - Level 20.2 Dodging
 - Level 25.0 Stealth
 - Level 7.0 Shields
 - Level 25.3 Evocations


You had 26 spell levels left.
You didn't know any spells.

Dungeon Overview and Level Annotations

Branches:
Dungeon (15/15)            Temple (1/1) D:7            Lair (8/8) D:10
 Shoals (5/5) Lair:6       Spider (5/5) Lair:3        Slime (6/6) Lair:7
    Orc (4/4) D:10            Elf (3/3) Orc:3        Vaults (5/5) D:13
  Crypt (3/3) Vaults:3       Tomb (0/3) Crypt:3      Depths (5/5) D:15
   Hell (1/1)                 Dis (7/7) Hell            Geh (0/7) Hell
    Coc (0/7) Hell            Tar (0/7) Hell            Zot (5/5) Depths:5

Altars:
Ashenzari
Cheibriados
Dithmenos
Elyvilon
Fedhas
Gozag
Kikubaaqudgha
Makhleb
Nemelex Xobeh
Okawaru
Pakellas
Qazlal
Ru
Sif Muna
Trog
Vehumet
Xom
Yredelemnul
Zin
The Shining One
Beogh
Jiyva

Shops:
D:4 !   D:6 }   D:9 :   Orc:4 *[=**   Elf:1 (   Elf:2 !   Elf:3 *   Vaults:1 (
Vaults:3 %}!:   Depths:3 =

Portals:
Hell: Depths:1 Depths:2 Depths:3 Depths:4 Depths:5
Abyss: Depths:1 Depths:4
Pandemonium: Depths:3
Ziggurat: Depths:5

Annotations:
D:6 mdk's ghost, experienced KoAr
Lair:7 1 exclusion
Shoals:4 Ilsuiw
Elf:2 runed door
Crypt:3 exclusions: 3 doors and 1 more exclusion
Depths:1 runed door
Depths:3 runed door


Innate Abilities, Weirdness & Mutations

You are small and have problems with some larger weapons.
You are carnivorous and can eat meat at any time.
You have very sharp teeth.
You are partially covered in rough black scales (AC +4, Dex -1).
Your mind is very acute. (Int +4)
Your magical capacity is low (-10% MP).


Message History

The green death is almost dead.
The green death completely misses you.
You slash the green death!
You kill the green death!
Pakellas accepts your kill. The reaper completely misses you.
You closely miss the reaper. Your bite misses the reaper.
The reaper is moderately wounded.
You suddenly feel all small and vulnerable.
Your body is wracked with pain!
* * * LOW HITPOINT WARNING * * *
You slash the reaper!
The reaper is heavily wounded.
You feel sick. The reaper completely misses you.
You slash the reaper! You bite the reaper, but do no damage.
The reaper is severely wounded.
You barely miss the reaper.
The reaper is severely wounded.
The reaper hits you with a scythe of protection!!
You die...

..... #..#####.......#
....##..............#
#...#..............#
#..#....)§........#
#..#####†##...##).#
#.........#...#)..#
#.........'...#..!#
#..##.....#22.#).=#
#...##.....#@..#).^#
.4..........#......[#
.........##.2#.......#
........##..#########
............{ . ......
#


You could see a reaper and a balrug.

Vanquished Creatures
  An ancient lich (Vaults:5)
  Boris (twice) (Vaults:3 Depths:3)
  Margery (Vaults:4)
  Norris (Depths:2)
  Saint Roka (Elf:2)
  2 curse toes
  A Killer Klown (Zot:4)
  Geryon (Hell)
  10 golden dragons
  Jory (Vaults:2)
  A profane servitor (Crypt:3)
  4 bone dragons
  2 electric golems
  2 Brimstone Fiends
  17 large abominations
  A caustic shrike (Depths:4)
  7 liches
  10 tentacled monstrosities
  An Ice Fiend (Dis:7)
  4 Orb Guardians (Zot:5)
  4 quicksilver dragons
  3 deep elf blademasters
  10 titans
  Asterion (Spider:3)
  2 deep elf master archers (Elf:3)
  18 acid blobs
  A kraken (Shoals:2)
  4 sphinxes
  Murray (Hell)
  An eldritch tentacle (Dis:1)
  7 tentacled starspawn
  An ancient champion (Dis:7)
  Rupert (Lair:6)
  Agnes (Elf:3)
  3 Executioners
  5 shadow dragons
  8 tengu reavers
  5 draconian monks
  6 azure jellies
  2 revenants
  8 storm dragons
  Donald (Crypt:2)
  Wiglaf (Vaults:1)
  Maud (Lair:4)
  2 iron dragons
  17 frost giants
  A cacodemon (Dis:7)
  13 fire giants
  12 deep elf sorcerers
  Aizul (Shoals:4)
  7 ghost moths
  5 draconian zealots
  4 draconian scorchers
  2 curse skulls
  12 vault wardens
  7 draconian knights
  Gastronok (D:13)
  2 balrugs
  12 ghouls
  7 emperor scorpions
  10 draconian annihilators
  Jorgrun (Depths:3)
  2 spriggan defenders (Depths:4)
  25 ironheart preservers
  5 draconian shifters
  24 reapers
  16 very ugly things
  6 war gargoyles (Dis:7)
  2 vampire knights
  The ghost of LogicNinja the Brilliant, a mighty VSAs of Pakellas (Elf:3)
  8 grey draconians
  3 draconian callers
  A salamander firebrand (Hell)
  32 stone giants
  9 green draconians
  12 deep elf demonologists
  2 black draconians (Zot:3)
  11 deep elf annihilators
  4 dire elephants
  4 pale draconians
  8 mottled draconians
  17 purple draconians
  6 yellow draconians
  2 lorocyprocas
  An unborn (Crypt:3)
  10 white draconians
  6 red draconians
  9 ettins
  13 eidola
  2 merfolk javelineers
  6 deep elf death magi
  A death ooze (Slime:1)
  2 blizzard demons
  27 fire dragons
  2 jiangshi (Crypt:2)
  A mummy priest (Crypt:3)
  29 vault guards
  5 merfolk impalers
  3 minotaurs
  5 deep elf high priests
  2 quicksilver dragon zombies
  2 green deaths
  14 great orbs of eyes
  29 yaktaur captains
  13 rakshasas
  7 death cobs
  12 ice dragons
  8 spriggan air magi
  6 hydras
  4 merfolk avatars
  9 statues (WizLab)
  13 ogre magi
  Erica (Lair:1)
  8 merfolk aquamancers
  2 hell beasts
  12 deep troll earth magi
  7 centaur warriors
  4 hell hogs (Abyss:3)
  2 satyrs
  7 dancing weapons (Elf:2)
  15 death yaks
  3 death knights
  The ghost of Benly the Bludgeoner, an experienced MiFi of Pakellas (D:10)
  8 deep troll shamans
  4 spriggan berserkers
  2 tengu warriors (D:13)
  10 thrashing horrors
  5 titan zombies
  4 vampire magi
  7 sun demons
  2 catoblepae
  A titan skeleton (Crypt:2)
  8 soul eaters
  A spriggan (Depths:5)
  9 wretched stars
  4 shadow wraiths
  21 hell knights
  7 ice devils
  11 flayed ghosts
  3 spatial maelstroms
  21 deep elf knights
  An iron troll (Depths:1)
  3 fire crabs
  35 skeletal warriors
  An unseen horror (shapeshifter) (Vaults:1)
  An anaconda zombie (Crypt:3)
  A ghost moth zombie (Crypt:3)
  A sea snake (shapeshifter) (Vaults:5)
  13 deep elf summoners
  A golden dragon zombie (Crypt:3)
  23 deep trolls
  9 sea snakes
  4 giant orange brains
  Erolcha (D:9)
  29 starcursed masses
  5 unseen horrors
  11 hill giants
  2 wolf spider zombies
  An ice statue (IceCv)
  3 death drakes
  A swamp dragon (shapeshifter) (Depths:5)
  A shadow dragon zombie (Hell)
  12 necromancers
  20 griffons
  3 draconian zombies
  5 shining eyes
  5 wizards
  A fire giant zombie (Crypt:2)
  11 orc knights
  A shining eye (shapeshifter) (Depths:4)
  15 orb spiders
  17 harpies
  2 iron dragon zombies
  25 wolf spiders
  19 ironbrand convokers
  A faun (shapeshifter) (Vaults:5)
  5 stone giant zombies
  30 deep elf conjurers
  3 orc sorcerers
  A lindwurm (Zot:1)
  A tengu skeleton (Vaults:4)
  10 manticores
  A hornet (shapeshifter) (Vaults:5)
  24 phantasmal warriors
  A frost giant zombie (Crypt:3)
  23 moths of wrath
  6 cyclopes
  A draconian (shapeshifter) (Vaults:1)
  6 worldbinders
  24 ugly things
  4 oklob plants
  7 water nymphs
  3 fauns
  7 hornets
  A sixfirhy (Abyss:1)
  8 sirens
  10 rust devils
  A spriggan zombie (Depths:2)
  16 vault sentinels
  A fire giant skeleton (Depths:2)
  20 small abominations
  2 apocalypse crabs
  3 black mambas
  3 drowned souls (Shoals:5)
  14 elephants
  2 guardian serpents (shapeshifter)
  A spiny frog (shapeshifter) (Depths:5)
  2 salamanders (Depths:1)
  9 smoke demons
  A shock serpent zombie (Dis:7)
  5 torpor snails
  4 centaur zombies
  2 orange demons
  An orange crystal statue (Depths:3)
  A gargoyle (D:13)
  A black mamba (shapeshifter) (Vaults:4)
  2 frost giant skeletons
  6 hellions
  An eye of devastation (Slime:5)
  A dire elephant skeleton (Dis:6)
  A pale draconian zombie (Crypt:1)
  6 fire drakes
  2 efreet
  7 demonic crawlers
  A queen ant (Lair:7)
  6 kobold demonologists
  9 komodo dragons
  10 tormentors
  2 hellwings (Abyss:3)
  12 spiny frogs
  64 yaktaurs
  16 freezing wraiths
  A human skeleton (Vaults:4)
  A guardian mummy (Crypt:3)
  2 elves (shapeshifter)
  A sea snake zombie (Crypt:1)
  4 silent spectres
  A queen bee (shapeshifter) (Vaults:4)
  2 wandering mushrooms (Zot:2)
  11 deep elf priests
  6 hydra zombies
  A troll (shapeshifter) (Vaults:4)
  5 wind drakes
  5 ancient zymes
  A catoblepas zombie (Crypt:3)
  4 polar bears
  6 trolls
  Sonja (D:14)
  34 merfolk
  20 jumping spiders
  A jumping spider (shapeshifter) (Depths:4)
  9 blue devils
  Grinder (D:6)
  5 red devils
  An ice dragon zombie (Dis:7)
  2 hydra skeletons
  A trapdoor spider zombie (D:12)
  3 ettin zombies
  4 ravens
  66 slime creatures
  2 ushabtiu (Crypt:3)
  A tengu simulacrum (Vaults:4)
  4 fire dragon zombies
  2 bog bodies (Crypt:2)
  30 two-headed ogres
  A boulder beetle (shapeshifter) (Vaults:3)
  A centaur simulacrum (D:13)
  7 basilisks
  50 deep elf magi
  9 boulder beetles
  10 snapping turtles
  2 alligator zombies
  4 raiju (Abyss:1)
  4 ynoxinuls
  8 air elementals
  6 vampires
  14 blink frogs
  2 ettin skeletons
  A basilisk (shapeshifter) (Depths:5)
  A guardian serpent skeleton (Crypt:2)
  4 wyverns
  A fire dragon skeleton (Crypt:1)
  4 flying skulls
  40 redbacks
  19 trapdoor spiders
  17 water elementals
  A tarantella (shapeshifter) (Depths:4)
  5 shadows
  A queen ant zombie (Crypt:2)
  61 yaks
  6 fire elementals (Hell)
  A neqoxec (Zot:3)
  16 tarantellas
  A giant leech zombie (Crypt:2)
  6 spatial vortices
  5 golden eyes (Slime:2)
  13 wraiths
  15 vampire mosquitoes
  An emperor scorpion simulacrum (Crypt:1)
  2 chaos spawn
  A warg (Vaults:4)
  57 deep elf fighters
  12 hippogriffs
  2 human zombies (Dis:7)
  6 hungry ghosts
  A hydra simulacrum (Hell)
  36 hell hounds
  An insubstantial wisp (Abyss:2)
  20 water moccasins
  4 mottled dragons
  21 soldier ants
  2 spiny frog zombies
  16 wolves
  6 raven skeletons (Crypt:3)
  The ghost of LogicNinja the Sneak, an average VSAs (D:4)
  3 wasps
  A manticore zombie (Crypt:3)
  31 orc warriors
  A mottled dragon (shapeshifter) (Depths:5)
  18 necrophages
  2 sky beasts
  12 porcupines
  2 spiny frog skeletons (Hell)
  A putrid demonspawn skeleton (Crypt:2)
  34 spiders
  3 black bears
  20 ice beasts
  A swamp drake (D:10)
  An alligator simulacrum (Hell)
  4 boring beetles
  3 eyes of draining
  11 boggarts
  56 ogres
  6 phantoms
  A swamp dragon skeleton (Crypt:2)
  A torpor snail zombie (Crypt:1)
  13 crocodiles
  Duvessa (D:6)
  A boring beetle (shapeshifter) (Depths:5)
  18 centaurs
  2 hog skeletons
  8 big kobolds
  An elf zombie (Hell)
  19 giant frogs
  3 lost souls (Crypt:3)
  Blork the orc (D:6)
  An ogre simulacrum (Vaults:1)
  A dryad skeleton (Crypt:2)
  An earth elemental (Abyss:1)
  8 scorpions
  20 killer bees
  2 human simulacra
  35 wights
  A spriggan skeleton (Crypt:2)
  10 hounds
  4 electric eels
  2 giant frog zombies (D:12)
  Dowan (D:6)
  15 crimson imps
  24 jellies
  A giant frog skeleton (D:7)
  A two-headed ogre zombie (Crypt:1)
  Crazy Yiuf (D:2)
  30 orc priests
  2 quasits
  A wasp zombie (D:7)
  6 centaur skeletons
  6 iguanas
  15 iron imps
  An iguana (shapeshifter) (Vaults:5)
  32 orc wizards
  33 worker ants
  26 hell rats
  A killer bee zombie (D:6)
  An ogre zombie (Vaults:4)
  16 sheep
  2 giant frog simulacra (D:13)
  An ogre skeleton (Crypt:2)
  2 hound zombies
  5 mummies
  6 gnolls (D:6)
  22 adders
  5 shadow imps
  A giant mite (D:2)
  102 river rats
  14 white imps
  2 worms
  17 ufetubi
  An adder zombie (D:5)
  3 orc zombies
  2 adder skeletons (D:4)
  A lava snake skeleton (Crypt:1)
  2 giant geckos
  5 oozes (D:10)
  179 orcs
  A ball python (D:3)
  12 bats
  3 bat skeletons
  A bat zombie (D:8)
  20 goblins
  33 hobgoblins
  10 jackals
  15 quokkas
  A river rat zombie (Crypt:1)
  A giant cockroach (D:3)
  A giant gecko skeleton (D:4)
  2 giant newts
  3 giant spores
  A goblin skeleton (Crypt:1)
  A jackal zombie (D:6)
  46 kobolds
  A kobold zombie (D:6)
  A lurking horror (Abyss:3)
  A quokka zombie (D:6)
  29 rats
  12 ballistomycetes
  A crawling corpse (Elf:1)
  4 fungi (Depths:4)
  3 plants
  6 starspawn tentacles
  A tentacle (Shoals:2)
3529 creatures vanquished.

Vanquished Creatures (collateral kills)
  Tiamat (Zot:2)
  Frances (D:14)
  A deep elf sorcerer (Vaults:5)
  An emperor scorpion (Spider:5)
  An ironheart preserver (Vaults:4)
  2 dancing weapons (Elf:2)
  A tengu warrior (D:13)
  Nergalle (D:12)
  2 deep elf knights
  A necromancer (D:13)
  A giant orange brain (Vaults:3)
  An ice statue (IceCv)
  An ironbrand convoker (Vaults:3)
  An orb spider (Spider:4)
  A wolf spider (Spider:5)
  2 air elementals
  A wizard (Vaults:3)
  A shining eye (Slime:3)
  A rust devil (D:13)
  A two-headed ogre (shapeshifter) (D:13)
  A two-headed ogre (D:13)
  A catoblepas skeleton (Crypt:2)
  A slime creature (D:13)
  A blink frog (Lair:5)
  A hippogriff (Lair:5)
  7 ice beasts (IceCv)
  3 ogres (Vaults:3)
  An ogre (shapeshifter) (D:13)
  A giant frog (D:13)
  2 orc priests (D:10)
  A worker ant (D:13)
  A mummy (D:13)
  2 orcs (D:10)
46 creatures vanquished.

Vanquished Creatures (others)
  Boris (Depths:5)
  A lich (Depths:3)
  An eldritch tentacle (Crypt:3)
  A draconian monk (Zot:5)
  A tengu reaver (Depths:3)
  A ghost moth (Zot:4)
  2 fire giants
  A rakshasa (Depths:3)
  A vampire knight (Dis:7)
  A merfolk javelineer (Shoals:5)
  An ice dragon (Zot:3)
  A deep troll earth mage (Depths:4)
  A spriggan berserker (Depths:5)
  An orc knight (Vaults:2)
  5 air elementals
  A drowned soul (Shoals:4)
  13 water elementals
  A fire elemental (D:13)
  A gargoyle (D:13)
  2 two-headed ogres
  A redback (Vaults:2)
  A vampire (Depths:1)
  A yak (Lair:5)
  A swamp drake (Zot:1)
  A wasp (Vaults:5)
  3 lost souls
  A giant frog (Lair:7)
  A scorpion (Vaults:5)
  2 wights
  A killer bee (Vaults:5)
  A worker ant (Vaults:5)
  A white imp (Lair:8)
  An ufetubus (Abyss:1)
  2 orcs
  A quokka (D:5)
  A giant spore (D:10)
  A crawling corpse (Elf:1)
  81 eldritch tentacle segments (Crypt:3)
  14 fungi
  16 plants
  7 starspawn tentacles
  53 starspawn tentacle segments (Abyss:1)
  21 tentacles (Shoals:2)
  900 tentacle segments (Shoals:2)
1151 creatures vanquished.

Grand Total: 4726 creatures vanquished

Notes
Turn   | Place    | Note
--------------------------------------------------------------
     0 | D:1      | mdk, the Kobold Assassin, began the quest for the Orb.
     0 | D:1      | Reached XP level 1. HP: 12/12 MP: 1/1
   263 | D:1      | Reached XP level 2. HP: 9/18 MP: 2/2
   968 | D:2      | Reached XP level 3. HP: 15/22 MP: 3/3
  1205 | D:2      | Found a blossoming altar of Fedhas.
  1303 | D:2      | Reached XP level 4. HP: 28/28 MP: 4/4
  1466 | D:2      | Noticed Crazy Yiuf
  1478 | D:2      | Killed Crazy Yiuf
  1478 | D:2      | Reached skill level 1 in Armour
  1964 | D:3      | Reached XP level 5. HP: 33/33 MP: 5/5
  2181 | D:3      | Found an iron altar of Okawaru.
  2467 | D:3      | Found a burning altar of Makhleb.
  2467 | D:3      | Found a glowing golden altar of the Shining One.
  2560 | D:4      | Noticed an ogre
  2774 | D:4      | Reached skill level 5 in Short Blades
  2816 | D:4      | Killed an ogre
  2816 | D:4      | Reached XP level 6. HP: 36/39 MP: 6/6
  2857 | D:4      | Got a faintly glowing falchion
  2858 | D:4      | Identified the cursed +2 falchion of Might {speed, -Cast +Rage +Inv rN+} (You found it on level 4 of the Dungeon)
  2863 | D:4      | Found Epta's Distillery.
  2957 | D:4      | Noticed an ogre
  2980 | D:4      | Killed an ogre
  2980 | D:4      | Reached skill level 5 in Fighting
  2980 | D:4      | Reached skill level 6 in Stealth
  3039 | D:4      | Noticed an ogre
  3040 | D:4      | Noticed LogicNinja's ghost (average VSAs)
  3061 | D:4      | Killed LogicNinja's ghost
  3061 | D:4      | Reached XP level 7. HP: 31/44 MP: 6/10
  3183 | D:4      | Killed an ogre
  3307 | D:4      | Reached skill level 5 in Evocations
  3460 | D:4      | Found a sparkling altar of Nemelex Xobeh.
  3460 | D:4      | Found a stormy altar of Qazlal.
  3461 | D:4      | Found a bloodstained altar of Trog.
  3733 | D:5      | Entered Level 5 of the Dungeon
  3885 | D:5      | Reached XP level 8. HP: 42/49 MP: 16/16
  4021 | D:5      | Found a white marble altar of Elyvilon.
  4899 | D:6      | Reached skill level 7 in Short Blades
  5392 | D:6      | Found Klelucsi's Gadget Emporium.
  5505 | D:6      | Found a snail-covered altar of Cheibriados.
  5597 | D:6      | Noticed Grinder
  5628 | D:6      | Noticed mdk's ghost (experienced KoAr)
  5661 | D:6      | Reached XP level 9. HP: 50/56 MP: 18/18
  5667 | D:6      | Killed Grinder
  5667 | D:6      | Reached skill level 8 in Short Blades
  5781 | D:6      | Reached skill level 9 in Short Blades
  6047 | D:7      | Found an ancient bone altar of Kikubaaqudgha.
  6048 | D:7      | Noticed a centaur skeleton
  6058 | D:7      | Killed a centaur skeleton
  6401 | D:7      | Reached skill level 5 in Dodging
  6862 | D:6      | Noticed Blork the orc
  6871 | D:6      | Killed Blork the orc
  6975 | D:6      | Reached skill level 10 in Short Blades
  7021 | D:6      | Reached XP level 10. HP: 65/65 MP: 19/19
  7108 | D:6      | Noticed Duvessa
  7121 | D:6      | Noticed Dowan
  7438 | D:6      | Killed Dowan
  7632 | D:7      | Found a staircase to the Ecumenical Temple.
  7639 | Temple   | Entered the Ecumenical Temple
  7698 | Temple   | Became a worshipper of Pakellas the Inventive
  8244 | D:8      | Found an opulent altar of Gozag.
  8642 | D:8      | Acquired Pakellas' first power
  8812 | D:8      | Reached skill level 10 in Fighting
  9467 | D:9      | Found Daoxax's Book Shop.
  9906 | D:9      | Noticed Erolcha
  9909 | D:9      | Killed Erolcha
  9909 | D:9      | Reached skill level 10 in Evocations
  9909 | D:9      | Reached XP level 11. HP: 72/72 MP: 24/24
 10419 | D:9      | Found a deep blue altar of Sif Muna.
 10447 | D:10     | Entered Level 10 of the Dungeon
 10486 | D:10     | Noticed Benly's ghost (experienced MiFi)
 10499 | D:10     | Noticed a hill giant
 10787 | D:10     | Found a staircase to the Lair.
 10880 | D:10     | Reached skill level 11 in Evocations
 11339 | D:10     | Acquired Pakellas' second power
 11352 | D:10     | Killed an unseen horror
 11652 | D:10     | Found a staircase to the Orcish Mines.
 11780 | Orc:1    | Entered Level 1 of the Orcish Mines
 12130 | Orc:2    | Found a dark tunnel.
 12154 | Volcano  | Entered a volcano
 12172 | Volcano  | Noticed a hill giant
 12175 | Volcano  | Killed a hill giant
 12175 | Volcano  | Reached skill level 12 in Evocations
 12337 | Volcano  | Noticed an ogre mage
 12357 | Volcano  | Killed an ogre mage
 12642 | D:10     | Killed a hill giant
 12642 | D:10     | Reached skill level 10 in Stealth
 12642 | D:10     | Reached XP level 12. HP: 41/77 MP: 9/27
 12701 | D:10     | Found a glowing silver altar of Zin.
 12935 | Lair:1   | Entered Level 1 of the Lair of Beasts
 13292 | Lair:1   | Noticed Erica
 13299 | Lair:1   | Killed Erica
 13299 | Lair:1   | Reached skill level 13 in Evocations
 13410 | Lair:1   | Acquired Pakellas' third power
 13691 | Lair:1   | Noticed a six-headed hydra
 13696 | Lair:1   | Killed a six-headed hydra
 15533 | Lair:2   | Reached skill level 14 in Evocations
 16635 | Lair:3   | Received a gift from Pakellas
 16887 | Lair:3   | Reached XP level 13. HP: 60/84 MP: 29/29
 17159 | Lair:3   | Found a hole to the Spider Nest.
 17954 | Lair:4   | You fall through a shaft!
 18122 | Lair:5   | Reached skill level 15 in Evocations
 18128 | Lair:5   | Got a jewelled leather armour
 18139 | Lair:5   | Identified the cursed +0 leather armour of the Equator {+Blink rN- Regen+} (You found it on level 5 of the Lair of Beasts)
 19272 | Lair:6   | Noticed Rupert
 19277 | Lair:6   | Paralysed by Rupert for 4 turns
 19296 | Lair:6   | Killed Rupert
 19438 | Lair:6   | Found a staircase to the Shoals.
 19963 | Lair:7   | Found a blossoming altar of Fedhas.
 19997 | Lair:7   | Reached XP level 14. HP: 90/90 MP: 31/31
 20208 | Lair:7   | Reached skill level 16 in Evocations
 20263 | Lair:7   | Reached skill level 15 in Stealth
 20600 | Lair:7   | Acquired Pakellas' fourth power
 20600 | Lair:7   | Reached skill level 10 in Dodging
 21079 | Lair:7   | Found a staircase to the Slime Pits.
 21218 | Lair:7   | Gained mutation: Your body is slowly deteriorating. [potion of mutation]
 21218 | Lair:7   | Gained mutation: You are frail (-10% HP). [potion of mutation]
 21218 | Lair:7   | Lost mutation: Your body is slowly deteriorating. [potion of mutation]
 21419 | Lair:2   | Lost mutation: You are frail (-10% HP). [potion of cure mutation]
 21420 | Lair:2   | Gained mutation: You are partially covered in rough black scales (AC +4, Dex -1). [potion of mutation]
 21420 | Lair:2   | Gained mutation: You tend to lose your temper in combat. [potion of mutation]
 21420 | Lair:2   | Gained mutation: Your mind is acute. (Int +2) [potion of mutation]
 22107 | Lair:8   | Entered Level 8 of the Lair of Beasts
 22153 | Lair:8   | Found a frozen archway.
 22177 | Lair:8   | Reached skill level 17 in Evocations
 22296 | IceCv    | Entered an ice cave
 22520 | IceCv    | Received a gift from Pakellas
 22785 | Lair:8   | Identified a +5 rod of destruction (14/14) (Pakellas gifted it to you in an ice cave)
 23083 | Lair:8   | Reached XP level 15. HP: 92/94 MP: 33/33
 23980 | Lair:8   | Reached skill level 18 in Evocations
 24374 | D:6      | Killed Duvessa
 24936 | D:10     | Killed Benly's ghost
 24948 | D:10     | Noticed a hill giant
 24953 | D:10     | Killed a hill giant
 25728 | Orc:2    | Noticed an orc knight
 25753 | Orc:2    | Killed an orc knight
 26158 | Orc:1    | Noticed an orc knight
 26160 | Orc:1    | Killed an orc knight
 26622 | Orc:3    | Found a staircase to the Elven Halls.
 26841 | Orc:3    | Found a roughly hewn altar of Beogh.
 27342 | Orc:4    | Entered Level 4 of the Orcish Mines
 28174 | Orc:4    | Found Chefuo Xythro's Assorted Antiques.
 28198 | Orc:4    | Bought a notched granite ring for 145 gold pieces
 28271 | Orc:4    | Found Arhaphi's Jewellery Shoppe.
 28271 | Orc:4    | Found Yghoygh's General Store.
 28274 | Orc:4    | Found Nocesm's Assorted Antiques.
 28274 | Orc:4    | Found Sawai's Armour Shoppe.
 28287 | Orc:4    | Reached skill level 5 in Throwing
 28287 | Orc:4    | Received a gift from Pakellas
 28481 | Orc:4    | Bought a lamp of fire for 1080 gold pieces
 28723 | D:6      | Bought a fan of gales for 480 gold pieces
 28723 | D:6      | Bought a stone of tremors for 480 gold pieces
 28723 | D:6      | Bought a phial of floods for 480 gold pieces
 29091 | Orc:4    | Bought an orange potion for 24 gold pieces
 30514 | D:12     | Reached XP level 16. HP: 100/100 MP: 34/34
 30711 | D:12     | Got a smoking cloak
 30722 | D:12     | Identified the cursed -1 cloak of Crybb {+Rage MR++ Regen+} (You found it on level 12 of the Dungeon)
 30801 | D:12     | Noticed Nergalle
 30817 | D:12     | Killed Nergalle
 31091 | D:13     | Found a gate to the Vaults.
 31344 | D:13     | Noticed Gastronok
 31350 | D:13     | Killed Gastronok
 32362 | D:13     | Gained mutation: You can breathe flames. [potion of beneficial mutation]
 32564 | D:14     | Noticed Frances
 33002 | D:14     | Noticed Sonja
 33005 | D:14     | Killed Sonja
 33562 | D:14     | Killed Frances
 34038 | D:15     | Entered Level 15 of the Dungeon
 34498 | D:15     | Found a staircase to the Depths.
 35562 | Elf:1    | Entered Level 1 of the Elven Halls
 36251 | Elf:1    | Received a gift from Pakellas
 36406 | Elf:1    | Identified the Papyrus of Igneous Combat Magic
 36434 | Elf:1    | Reached XP level 17. HP: 109/109 MP: 29/35
 36466 | Elf:1    | Found Zyallad's Antique Weapon Shop.
 36966 | Elf:1    | Identified a +5 rod of clouds (11/11) (Pakellas gifted it to you on level 4 of the Orcish Mines)
 37177 | Elf:2    | Reached skill level 1 in Shields
 37375 | Elf:2    | Noticed Saint Roka
 37405 | Elf:2    | Noticed a deep elf blademaster
 37434 | Elf:2    | Killed a deep elf blademaster
 38006 | Elf:2    | Reached skill level 5 in Shields
 38125 | Elf:2    | Killed Saint Roka
 38149 | Elf:2    | Reached skill level 15 in Dodging
 38308 | Elf:2    | Found Cuasch's Distillery.
 38502 | Elf:2    | Found a runed gate.
 38503 | Elf:2    | Found a runed gate.
 38507 | Elf:2    | Found a runed gate.
 38817 | Elf:3    | Entered Level 3 of the Elven Halls
 38817 | Elf:3    | Found Noeluy's General Store.
 38832 | Elf:3    | Noticed LogicNinja's ghost (mighty VSAs)
 39119 | Elf:3    | Found a magical portal.
 39147 | WizLab   | Entered Iskenderun's Mystic Tower
 39515 | WizLab   | Reached XP level 18. HP: 94/118 MP: 32/36
 39763 | WizLab   | Reached skill level 15 in Fighting
 40122 | WizLab   | Identified Iskenderun's Disquisition on Feathery Combat Magic
 40122 | WizLab   | Identified Iskenderun's Handbook of Congealing Confrontation
 40146 | WizLab   | Received a gift from Pakellas
 40172 | WizLab   | Identified the Papyrus of Sinister Secrets (You found it in a wizard's laboratory)
 40443 | Elf:3    | Identified a +2 rod of clouds (14/14) (Pakellas gifted it to you in a wizard's laboratory)
 40463 | Elf:3    | Killed LogicNinja's ghost
 41825 | Orc:4    | Bought an uncursed ring of poison resistance for 260 gold pieces
 42162 | Spider:1 | Entered Level 1 of the Spider Nest
 43386 | Spider:3 | Noticed Asterion
 43391 | Spider:3 | Killed Asterion
 45219 | Spider:4 | Reached XP level 19. HP: 98/125 MP: 6/36
 45316 | Spider:5 | Entered Level 5 of the Spider Nest
 45851 | Spider:5 | Paralysed by a hornet for 2 turns
 46271 | Spider:5 | Received a gift from Pakellas
 47071 | Spider:5 | Reached skill level 15 in Short Blades
 47153 | Spider:5 | Got a gossamer rune of Zot
 47723 | Orc:4    | Bought an uncursed ring of flight for 227 gold pieces
 48049 | Shoals:1 | Entered Level 1 of the Shoals
 50552 | Shoals:3 | Reached XP level 20. HP: 134/134 MP: 37/37
 51760 | Shoals:4 | Noticed Aizul
 51813 | Shoals:4 | Killed Aizul
 51968 | Shoals:5 | Entered Level 5 of the Shoals
 52542 | Shoals:5 | Received a gift from Pakellas
 53037 | Shoals:5 | Got a slimy helmet
 53119 | Shoals:4 | Identified the +1 helmet "Topsivus" {MP+9 Stlth+} (You found it on level 5 of the Shoals)
 53283 | Shoals:5 | Noticed Ilsuiw
 53530 | Shoals:5 | Got a barnacled rune of Zot
 54020 | Lair:4   | Found a burning altar of Makhleb.
 54240 | Lair:4   | Got a heavily runed leather armour
 54251 | Lair:4   | Identified the +0 leather armour of the Old World {rN+ HP+9 Str+3 Int+2} (You found it on level 4 of the Lair of Beasts)
 55766 | Lair:4   | Noticed Maud
 55773 | Lair:4   | Killed Maud
 55773 | Lair:4   | Reached skill level 1 in Long Blades
 56505 | Vaults:1 | Entered Level 1 of the Vaults
 57042 | Vaults:1 | Found Fuser's Antique Weapon Boutique.
 57601 | Vaults:1 | Reached XP level 21. HP: 141/141 MP: 19/38
 58115 | Vaults:1 | Reached skill level 5 in Armour
 58123 | Vaults:1 | Noticed Wiglaf
 58125 | Vaults:1 | Killed Wiglaf
 58575 | Vaults:2 | Reached skill level 5 in Long Blades
 58955 | Vaults:2 | Received a gift from Pakellas
 58981 | Vaults:2 | Noticed Jory
 59023 | Vaults:2 | Killed Jory
 60603 | Vaults:3 | Found Junahen's Food Shop.
 60628 | Vaults:3 | Noticed Boris
 60636 | Vaults:3 | Killed Boris
 60675 | Vaults:3 | Found Grihugia's Gadget Boutique.
 60680 | Vaults:3 | Bought a fan of gales for 600 gold pieces
 60680 | Vaults:3 | Bought a fan of gales for 600 gold pieces
 60680 | Vaults:3 | Bought a lamp of fire for 600 gold pieces
 60733 | Vaults:3 | Found Troovym's Distillery.
 61045 | Vaults:3 | Found Chetzi's Book Emporium.
 61280 | Vaults:3 | Found a staircase to the Crypt.
 61309 | Vaults:3 | Reached XP level 22. HP: 147/147 MP: 38/38
 62530 | Vaults:4 | Noticed Margery
 62539 | Vaults:4 | Killed Margery
 63380 | Vaults:4 | Reached skill level 10 in Armour
 63443 | Vaults:4 | Reached skill level 10 in Long Blades
 63972 | Vaults:4 | Received a gift from Pakellas
 64350 | Vaults:4 | Reached XP level 23. HP: 152/152 MP: 39/39
 64735 | Vaults:5 | Entered Level 5 of the Vaults
 64824 | Crypt:1  | Entered Level 1 of the Crypt
 67082 | Crypt:2  | Noticed Donald
 67086 | Crypt:2  | Killed Donald
 67216 | Crypt:3  | Entered Level 3 of the Crypt
 68110 | Crypt:3  | Gained mutation: Your mind is very acute. (Int +4) [potion of beneficial mutation]
 68122 | Crypt:3  | Got a translucent glass ring
 68126 | Crypt:3  | Identified the ring "Pafayw" {Noisy rN+ Stlth+} (You found it on level 3 of the Crypt)
 68132 | Crypt:3  | Got a clouded ivory ring
 68133 | Crypt:3  | Identified the ring of Throl {Noisy +Rage rN+ HP+9 Str+3} (You found it on level 3 of the Crypt)
 68138 | Crypt:3  | Got a heavily runed garnet amulet
 68140 | Crypt:3  | Identified the amulet of Yredelemnul's Esteem {Gourm *Tele MP-9 Stlth+} (You found it on level 3 of the Crypt)
 68539 | Crypt:3  | Reached skill level 19 in Short Blades
 68561 | Crypt:3  | Gained mutation: You have very sharp teeth. [potion of beneficial mutation]
 69111 | Crypt:3  | Reached skill level 20 in Short Blades
 69140 | Crypt:3  | Reached XP level 24. HP: 155/155 MP: 40/40
 69151 | Crypt:3  | Found a staircase to the Tomb.
 69605 | Crypt:3  | Got a pitted dagger
 69606 | Crypt:3  | Identified the cursed +2 dagger of Okawaru's Regard {drain, +Fly rF+ rN+} (You found it on level 3 of the Crypt)
 69611 | Crypt:3  | Identified the Disquisition on Glacial Combat Magic (You found it on level 3 of the Crypt)
 69742 | Crypt:3  | Found a basalt altar of Yredelemnul.
 70127 | Crypt:3  | Reached skill level 21 in Short Blades
 70584 | Depths:1 | Entered Level 1 of the Depths
 70766 | Depths:1 | Reached skill level 22 in Short Blades
 70969 | Depths:1 | Found a one-way gate to the infinite horrors of the Abyss.
 71591 | Depths:1 | Found a runed door.
 71865 | Depths:1 | Found a gateway to Hell.
 71920 | Depths:2 | Noticed Norris
 72007 | Depths:2 | Reached skill level 23 in Short Blades
 72406 | Depths:2 | Killed Norris
 73283 | Depths:3 | Noticed Boris
 73514 | Depths:3 | Killed Boris
 73586 | Depths:3 | Found a runed door.
 73766 | Depths:3 | Found Chab's Jewellery Shop.
 74110 | Depths:3 | Found a one-way gate leading to the halls of Pandemonium.
 74115 | Depths:3 | Noticed Jorgrun
 74153 | Depths:3 | Killed Jorgrun
 74499 | Depths:3 | Found a runed door.
 74525 | Depths:3 | Received a gift from Pakellas
 74527 | Depths:3 | Identified a +2 rod of ignition (12/12) (You found it on level 3 of the Crypt)
 74538 | Depths:3 | Reached XP level 25. HP: 133/161 MP: 41/41
 74553 | Depths:3 | Identified a +4 rod of clouds (13/13) (Pakellas gifted it to you on level 3 of the Depths)
 75416 | Orc:4    | Bought a scroll of brand weapon for 240 gold pieces
 76046 | Depths:4 | Found a sacrificial altar of Ru.
 76047 | Depths:4 | Found a blossoming altar of Fedhas.
 76047 | Depths:4 | Found a bloodstained altar of Trog.
 76559 | Depths:4 | Gained mutation: Your magical capacity is low (-10% MP). [a shining eye]
 78143 | Depths:4 | HP: 8/162 [poisoned by something (poison gas)]
 78148 | Depths:4 | HP: 5/162 [poisoned by something (poison gas)]
 78153 | Depths:4 | HP: 3/162 [poisoned by something (poison gas)]
 78159 | Depths:4 | HP: 3/162 [poisoned by something (poison gas)]
 78164 | Depths:4 | HP: 4/162 [poisoned by something (poison gas)]
 78170 | Depths:4 | HP: 7/162 [poisoned by something (poison gas)]
 78427 | Depths:4 | Reached XP level 26. HP: 169/169 MP: 37/37
 79109 | Depths:5 | Entered Level 5 of the Depths
 79900 | Depths:5 | Received a gift from Pakellas
 80073 | Depths:5 | Found a gate to the Realm of Zot.
 81305 | Depths:5 | Identified a scroll of acquirement
 81305 | Depths:5 | Noticed Boris
 81329 | Depths:5 | Killed Boris
 81499 | Depths:5 | Found a gateway to a ziggurat.
 84370 | Slime:1  | Entered Level 1 of the Pits of Slime
 84373 | Slime:1  | Gained mutation: Scrolls take you a little longer to read. [a shining eye]
 84579 | Slime:3  | Reached XP level 27. HP: 176/176 MP: 38/38
 84663 | Slime:3  | Gained mutation: You are clumsy. (Dex -2) [a shining eye]
 85092 | Slime:6  | Entered Level 6 of the Pits of Slime
 85172 | Slime:6  | Found a viscous altar of Jiyva.
 85177 | Slime:6  | Noticed the royal jelly
 85189 | Slime:6  | Noticed a titan shaped Royal Jelly
 85189 | Slime:6  | the royal jelly changed into a titan shaped Royal Jelly
 85209 | Slime:6  | Killed a titan shaped Royal Jelly
 85328 | Slime:6  | Got a pair of distressingly furry boots
 85365 | Slime:6  | Identified the +1 pair of boots of Geomec {+Rage rElec rCorr} (You acquired it on level 6 of the Pits of Slime)
 85458 | Slime:6  | Got a glittering steel ring
 85459 | Slime:6  | Identified the ring of Joorphili {+Twstr Int+4} (You found it on level 6 of the Pits of Slime)
 85502 | Slime:6  | Got a slimy rune of Zot
 85963 | Slime:2  | Received a gift from Pakellas
 87110 | Zot:1    | Entered Level 1 of the Realm of Zot
 88359 | Zot:2    | Noticed Tiamat
 89654 | Zot:2    | Reached skill level 24 in Fighting
 89813 | Zot:2    | Killed Tiamat
 91732 | Zot:5    | Entered Level 5 of the Realm of Zot
 93521 | Zot:3    | Reached skill level 25 in Stealth
 94167 | Zot:3    | Received a gift from Pakellas
 95187 | Zot:5    | Noticed an orb of fire
 95187 | Zot:5    | Noticed an orb of fire
 96852 | Elf:3    | Noticed a deep elf master archer
 96868 | Elf:3    | Killed a deep elf master archer
 96921 | Elf:3    | Noticed Agnes
 96947 | Elf:3    | Killed Agnes
 97029 | Elf:3    | Noticed a deep elf blademaster
 97053 | Elf:3    | Killed a deep elf blademaster
 97332 | Elf:3    | Noticed a deep elf blademaster
 97355 | Elf:3    | Killed a deep elf blademaster
 97684 | Elf:3    | Noticed a deep elf master archer
 97693 | Elf:3    | Killed a deep elf master archer
 97713 | Elf:3    | Got a faintly glowing scimitar
 98374 | Elf:3    | Identified the +5 scimitar "Agahiuga" {vamp, -Cast +Inv rN+ Str+2} (You took it off a deep elf high priest on level 3 of the Elven Halls)
 98967 | Hell     | Entered the Vestibule of Hell
 98967 | Hell     | Noticed Geryon
 99202 | Hell     | Found a gateway to the decaying netherworld of Tartarus.
 99725 | Hell     | Found a gateway to the freezing wastes of Cocytus.
 99777 | Hell     | Killed Geryon
 99980 | Hell     | Noticed Murray
100010 | Hell     | HP: 7/189 [jiangshi[Murray] (19)]
100240 | Hell     | Killed Murray
100291 | Hell     | Found a gateway to the Iron City of Dis.
100382 | Hell     | Found a gateway to the ashen valley of Gehenna.
102077 | Vaults:4 | Received a gift from Pakellas
102393 | Vaults:5 | Identified a +1 rod of the swarm (12/12) (Pakellas gifted it to you on level 4 of the Vaults)
102543 | Vaults:5 | Cast into the Abyss (a deep elf demonologist)
102544 | Abyss:1  | Found an oddly glowing altar of Pakellas.
102552 | Vaults:5 | Escaped the Abyss
102976 | Vaults:5 | Reached skill level 15 in Long Blades
103079 | Vaults:5 | Paralysed by a lich for 3 turns
104827 | Vaults:5 | Noticed an ancient lich
104881 | Vaults:5 | Got a pair of faintly humming boots
104892 | Vaults:5 | Identified the +2 pair of boots of Bionock {*Rage +Inv rN+ MR++ Regen+ Int+4 Dex+4} (You acquired it on level 5 of the Vaults)
104914 | Vaults:5 | Got a silver rune of Zot
105279 | Vaults:5 | Killed an ancient lich
105774 | Vaults:4 | Received a gift from Pakellas
106232 | D:15     | Lost mutation: Scrolls take you a little longer to read. [potion of cure mutation]
106232 | D:15     | Lost mutation: You tend to lose your temper in combat. [potion of cure mutation]
106232 | D:15     | Lost mutation: You can breathe flames. [potion of cure mutation]
106232 | D:15     | Lost mutation: You are clumsy. (Dex -2) [potion of cure mutation]
106288 | Depths:1 | Voluntarily entered the Abyss.
106288 | Abyss:1  | Found a corrupted altar of Lugonu.
106512 | Abyss:1  | Found a corrupted altar of Lugonu.
107780 | Depths:1 | Escaped the Abyss
107782 | Depths:1 | Voluntarily entered the Abyss.
107805 | Depths:1 | Escaped the Abyss
107808 | Depths:1 | Voluntarily entered the Abyss.
108845 | Abyss:3  | Found a sparkling altar of Nemelex Xobeh.
109225 | Abyss:3  | Found a corrupted altar of Lugonu.
109232 | Abyss:3  | Got an abyssal rune of Zot
109383 | Depths:1 | Escaped the Abyss
111194 | Dis:1    | Entered Level 1 of the Iron City of Dis
112209 | Dis:4    | You fall through a shaft!
112414 | Dis:7    | Entered Level 7 of the Iron City of Dis
112629 | Dis:7    | Received a gift from Pakellas
112911 | Dis:7    | Identified a +3 rod of inaccuracy (14/14) (Pakellas gifted it to you on level 7 of the Iron City of Dis)
113000 | Dis:7    | HP: 8/189 [hellion/burst of hellfire[the effects of Hell] (34)]
113099 | Dis:7    | HP: 9/189 [poisoned by a green death (poison gas)]
113106 | Dis:7    | HP: 6/189 [poisoned by something (poison gas)]
113111 | Dis:7    | HP: 8/189 [poisoned by a green death (poison gas)]
113133 | Dis:7    | Mangled by a reaper

Action                   |  1- 3 |  4- 6 |  7- 9 | 10-12 | 13-15 | 16-18 | 19-21 | 22-24 | 25-27 || total
-------------------------+-------+-------+-------+-------+-------+-------+-------+-------+-------++-------
Melee: Dagger            |   105 |   128 |   464 |   775 |  1709 |   409 |       |       |       ||  3590
       Rapier            |       |       |       |   175 |     6 |       |       |       |       ||   181
       Short sword       |       |       |       |       |    55 |   586 |   911 |  1145 |   268 ||  2965
       Quick blade       |       |       |       |       |       |  1296 |  2003 |       |       ||  3299
       Scimitar          |       |       |       |       |       |       |   218 |  1335 |    31 ||  1584
       Demon blade       |       |       |       |       |       |       |       |       |  6373 ||  6373
       Rod               |       |       |       |       |       |       |       |       |    14 ||    14
 Fire: Blowgun           |       |    14 |    33 |    78 |   183 |    51 |       |       |       ||   359
Throw: Tomahawk          |       |       |       |       |     5 |   132 |     5 |       |       ||   142
Invok: Quick Charge      |       |       |       |     3 |     4 |     8 |    11 |     2 |     6 ||    34
       Minor Device Surg |       |       |       |     2 |       |       |       |       |       ||     2
       Device Surge      |       |       |       |     1 |       |     1 |       |       |       ||     2
       Major Device Surg |       |       |       |       |       |       |     1 |       |       ||     1
 Abil: Evoke Invisibilit |       |       |       |       |     1 |     5 |       |       |       ||     6
       Breathe Fire      |       |       |       |       |       |     1 |     3 |     1 |     2 ||     7
       Evoke Flight      |       |       |       |       |       |       |    15 |       |       ||    15
Evoke: Wand              |       |     6 |     5 |    10 |    21 |    63 |    82 |    19 |    96 ||   302
       Lamp of fire      |       |       |       |     1 |     3 |     2 |       |     1 |     1 ||     8
       Rod               |       |       |       |       |    25 |    17 |    48 |    69 |    81 ||   240
       Fan of gales      |       |       |       |       |       |     3 |     2 |     2 |     2 ||     9
       Phial of floods   |       |       |       |       |       |     3 |     1 |     3 |     5 ||    12
       Stone of tremors  |       |       |       |       |       |     1 |       |     1 |     2 ||     4
  Use: Scroll            |       |     2 |    17 |    14 |    16 |    14 |     8 |    11 |    26 ||   108
       Potion            |       |       |     1 |     2 |     4 |     1 |       |     8 |    25 ||    41
 Stab: Sleeping          |     2 |    10 |    21 |    69 |   126 |    89 |   106 |    89 |   143 ||   655
       Distracted        |       |     1 |     4 |     3 |     5 |    14 |     4 |    11 |    54 ||    96
       Invisible         |       |       |       |       |    27 |    26 |    41 |       |    19 ||   113
       Confused          |       |       |       |       |     5 |       |       |       |       ||     5
       Petrifying        |       |       |       |       |     2 |       |       |       |       ||     2
       Petrified         |       |       |       |       |     1 |       |       |       |       ||     1
       Paralysed         |       |       |       |       |       |       |     1 |       |     9 ||    10
  Eat: Chunk             |     5 |    10 |    11 |    35 |    51 |    70 |    78 |    52 |   161 ||   473
       Pizza             |       |       |       |       |     1 |     1 |       |     1 |     2 ||     5
       Beef jerky        |       |       |       |       |       |     1 |     1 |     1 |     2 ||     5
       Royal jelly       |       |       |       |       |       |     1 |       |       |       ||     1
       Meat ration       |       |       |       |       |       |       |       |     3 |     3 ||     6
